 Dungeon Crawl Stone Soup version 0.28.0 (webtiles) character file.

Game seed: 63306506781128634

508 fragbeetle the Cleaver (level 7, -1/57 HPs)
             Began as a Hill Orc Fighter on Feb 10, 2022.
             Succumbed to a gnoll's poison
             ... on level 4 of the Dungeon.
             The game lasted 00:04:01 (2357 turns).

fragbeetle the Cleaver (Hill Orc Fighter)           Turns: 2357, Time: 00:04:01

Health: -1/57      AC:  9    Str: 21    XL:     7   Next: 18%
Magic:  7/7        EV:  7    Int:  8    God:
Gold:   131        SH:  5    Dex: 16    Spells: 6/6 levels left

rFire   . . .      SeeInvis .   a - +0 war axe
rCold   . . .      Faith    .   c - +0 buckler
rNeg    + . .      Spirit   .   k - +0 chain mail
rPois   .          Reflect  .   p - +0 hat "Keusehog" {rN+}
rElec   .          Harm     .   (no cloak)
rCorr   .          Rampage  .   (no gloves)
Will    .....                   (no boots)
Stlth   ..........              g - amulet of regeneration
HPRegen 0.99/turn               o - +6 ring of dexterity
MPRegen 0.10/turn               (no ring)

@: lethally poisoned (-1 -> -12), flying
A: no striking features
a: no special abilities


You were on level 4 of the Dungeon.
You visited 1 branch of the dungeon, and saw 4 of its levels.

You collected 131 gold pieces.

Inventory:

Hand Weapons
 a - a +0 war axe (weapon)
 t - a +0 flail of protection
Missiles
 m - 6 poisoned darts (quivered)
Armour
 c - a +0 buckler (worn)
 k - a +0 chain mail (worn)
 p - the +0 hat "Keusehog" (worn) {rN+}
   (You found it on level 3 of the Dungeon)

   rN:        It protects you from negative energy.
Jewellery
 g - an amulet of regeneration (around neck)
 o - a +6 ring of dexterity (left hand)
Wands
 q - a wand of acid (7)
Scrolls
 b - a scroll of vulnerability {unknown}
 j - 4 scrolls of identify {unknown}
 n - a scroll of enchant armour {unknown}
Potions
 d - a potion of cancellation
 e - a potion of flight
 f - 2 potions of curing {unknown}
 h - a potion of berserk rage {unknown}
 i - a potion of brilliance {unknown}
 l - a potion of lignification {unknown}
 r - a potion of magic {unknown}
 s - 2 potions of haste {unknown}


   Skills:
 - Level 3.6 Fighting
 * Level 10.0 Axes
 - Level 3.2 Armour
 - Level 3.2 Shields


You had 6 spell levels left.
You didn't know any spells.
Your spell library contained the following spells:

 Spells                   Type           Power      Damage    Failure   Level
 Corpse Rot               Necr/Air       0%         N/A       100%        2
 Poisonous Vapours        Pois/Air       0%         N/A       100%        2
 Inner Flame              Hex/Fire       0%         N/A       100%        3
 Cause Fear               Hex            0%         N/A       100%        4
 Discord                  Hex            0%         N/A       100%        8


Dungeon Overview and Level Annotations

Branches:
Dungeon (4/15)
 Temple: D:4-7

Altars:

Shops:
D:1 [


Message History

The gnoll hits you with a +2 flail of venom.
You are more poisoned.
You block the kobold's attack.
The gnoll shaman hits you with a +0 club!
The gnoll hits you but does no damage.
You slash the gnoll shaman!
You kill the gnoll shaman!
You hit the gnoll. You closely miss the kobold.
You feel very sick.
The gnoll hits you with a +2 flail of venom.
You are more poisoned.
The kobold hits you but does no damage. The gnoll barely misses you.
You feel very sick. You block the gnoll's attack.
The kobold hits you with a +0 short sword.
The gnoll hits you with a +0 spear.
You hit the gnoll.
The gnoll is moderately wounded.
You slash the gnoll! You slash the kobold!
You kill the kobold!
You feel very sick.
The gnoll hits you with a +2 flail of venom.
* * * LOW HITPOINT WARNING * * *
You are lethally poisoned!
You block the gnoll's attack.
You slash the gnoll!
You kill the gnoll!
You slash the gnoll!
You kill the gnoll!
* * * LOW HITPOINT WARNING * * *
You feel very sick.
Your Axes skill increases to level 10!
There is a lethal amount of poison in your body!
It was a potion of cancellation.
You feel magically purged.
* * * LOW HITPOINT WARNING * * *
You feel very sick.
It was a potion of flight.
You feel very buoyant.
You fly up into the air.
You die...

...## #....# #### ##.#.## ....#
.....#...#####..>..## .#..###
..........##........## ).....#
..........#.........# ......#
...........<(###...#
......#######..........###....#
........##..##)........# #....#
...............))........#...##
.##..##.......#.@)..#..#......##
..##.........##.)##.#..######..#
......#......##.....#..###..#..#
....>........###.....#..##.....##
......##.............#..........#
.....# ##..####................##
.#.#. .... .#.....##.......## .##
.##.....##......... ..#. .#
#............#...


There were no monsters in sight!

Vanquished Creatures
  Edmund (D:4)
  A scorpion (D:4)
  A gnoll shaman (D:4)
  2 hounds
  A scorpion zombie (D:3)
  An orc wizard (D:4)
  5 gnolls
  4 adders (D:3)
  3 adder zombies (D:3)
  A dart slug (D:1)
  8 orcs (D:4)
  7 bats
  7 endoplasms
  7 giant cockroaches
  7 goblins
  6 hobgoblins
  2 jackals (D:1)
  3 quokkas
  6 ball pythons
  A ball python zombie (D:3)
  A frilled lizard (D:3)
  2 jackal zombies (D:3)
  4 kobolds
  2 quokka zombies (D:3)
  4 rats
87 creatures vanquished.

Vanquished Creatures (others)
  2 plants (D:1)
2 creatures vanquished.

Grand Total: 89 creatures vanquished

Notes
Turn   | Place    | Note
-------+----------+-------------------------------------------
     0 | D:1      | fragbeetle the Hill Orc Fighter began the quest for the
                  | Orb.
     0 | D:1      | Reached XP level 1. HP: 19/19 MP: 1/1
   150 | D:1      | Reached skill level 3 in Axes
   189 | D:1      | Reached XP level 2. HP: 20/26 MP: 2/2
   346 | D:1      | Reached skill level 4 in Axes
   556 | D:1      | Reached XP level 3. HP: 31/31 MP: 3/3
   658 | D:1      | Found Jychom's Armour Boutique.
   726 | D:1      | Reached skill level 5 in Axes
  1429 | D:2      | Found a faded altar of an unknown god.
  1589 | D:3      | Reached XP level 4. HP: 39/39 MP: 4/4
  1661 | D:3      | Reached skill level 6 in Axes
  1688 | D:3      | Identified the +0 hat "Keusehog" {rN+}
  1768 | D:3      | Reached XP level 5. HP: 45/45 MP: 5/5
  1854 | D:3      | Reached skill level 7 in Axes
  2116 | D:4      | Reached skill level 8 in Axes
  2116 | D:4      | Reached XP level 6. HP: 40/51 MP: 6/6
  2251 | D:4      | Noticed Edmund
  2269 | D:4      | Killed Edmund
  2270 | D:4      | Reached skill level 9 in Axes
  2270 | D:4      | Reached XP level 7. HP: 42/57 MP: 7/7
  2356 | D:4      | Reached skill level 10 in Axes
  2357 | D:4      | Succumbed to a gnoll's poison

Illustrated notes

Levels and vault maps discovered:
D:1:      psy_arrival_conway, layout_basic, serial_shops, nicolae_square_shop,
          serial_forest, infiniplex_forest_lined_room_,
          infiniplex_forest_clump_curved, infiniplex_forest_clump_medium,
          infiniplex_forest_diagonal, infiniplex_forest_straight_2,
          infiniplex_forest_lined_room_2, infiniplex_forest_clump_double,
          infiniplex_forest_clump_small, dk_noncrumbling_2, minmay_tromino_i2
D:2:      layout_rooms, hellmonk_ecumenical_altar_crossroads
D:3:      layout_basic, serial_undead, serial_undead_c, serial_undead_b,
          serial_undead_c, serial_undead_f, serial_undead_a, serial_undead_c,
          serial_undead_c, serial_undead_f
D:4:      layout_cave_pools, lemuel_temple_firewalk_b, uniq_edmund

Skill      XL: |  1  2  3  4  5  6  7 |
---------------+----------------------+-----
Axes           | 3 4 5 6 8 9 10 | 10.0
Fighting       | |  3.6
Armour         | |  3.2
Shields        | |  3.2

Action                   |  1- 3 |  4- 6 |  7- 9 || total
-------------------------+-------+-------+-------++-------
Melee: War axe           |   109 |   127 |    14 ||   250
  Use: Potion            |       |     1 |     2 ||     3
Armor: Scale mail        |    59 |       |       ||    59
       Chain mail        |    27 |    78 |     7 ||   112
Dodge: Dodged            |    52 |    53 |     3 ||   108
Block: Buckler           |    30 |    26 |     8 ||    64
